 Dungeon Crawl Stone Soup version 0.31-a0-600-g62dffe198b (webtiles) character file.

Game seed: 9516282224205841826

109359 MacCMillion the Metamorph (level 16, -3/189 HPs)
             Began as a Troll Shapeshifter on Aug 21, 2023.
             Was the Champion of Okawaru.
             Slain by a white very ugly thing (32 damage)
             ... on level 15 of the Dungeon.
             The game lasted 00:51:38 (28206 turns).

MacCMillion the Metamorph (Troll Shapeshifter)     Turns: 28206, Time: 00:51:38

Health: -3/189     AC: 15    Str: 38    XL:     16   Next: 4%
Magic:  0/30       EV: 11    Int:  4    God:    Okawaru [******]
Gold:   2031       SH:  8    Dex: 10    Spells: 15/15 levels left

rFire   . .          .
                       - Unarmed
rCold   . . .        (shield currently unavailable)
rNeg    . . .        W - melded +0 pearl dragon scales
rPois   .            (helmet currently unavailable)
rElec   .            (cloak currently unavailable)
rCorr   .            (gloves unavailable)
SInv    .            (boots unavailable)
Will    ++...        O - brooch of Shielding {Spirit SH+8}
Stlth   +++          M - ring of magical power
HPRegen 1.31/turn    G - ring of willpower
MPRegen 0.22/turn

%: guardian spirit
@: snake-form, heroic, finesse-ful
A: constrict, boosted hp, large, unfitting armour, (claws 3), regeneration 1,
(shaggy fur 1), (tough skin 1)
a: Begin Untransformation, Renounce Religion, Heroism, Finesse, Duel


You were on level 15 of the Dungeon.
You worshipped Okawaru.
Okawaru was exalted by your worship.
You were an enormous anaconda.
You visited 4 branches of the dungeon, and saw 23 of its levels.
You also visited: Sewer, Ossuary, Ice Cave and Volcano.

You collected 2181 gold pieces.
You spent 150 gold pieces at shops.

Inventory:

Missiles
 m - 33 poisoned darts
 A - 5 javelins
 H - 3 atropa-tipped darts
 K - 11 large rocks
 P - 2 curare-tipped darts
Armour
 B - a scarf of repulsion
 W - +0 pearl dragon scales (melded)
Jewellery
 E - a ring of poison resistance
 G - a ring of willpower (right hand)
 M - a ring of magical power (left hand)
 O - the brooch of Shielding (around neck) {Spirit SH+8}
   (You took it off an orc warrior on level 7 of the Dungeon)

   [amulet of guardian spirit]

   Spirit:    It causes incoming damage to be divided between your reserves of
   health and magic.
   SH+8:      It affects your SH (+8).
 Q - a ring of flight
 S - a +4 ring of protection
 T - a ring of protection from cold
 V - a ring of fire
Talismans
 c - a beast talisman
 j - a storm talisman
 Y - a serpent talisman (active)
Wands
 i - a wand of polymorph (10)
 p - a wand of flame (24)
 s - a wand of light (4)
 t - a wand of charming (6)
 v - a wand of iceblast (39)
Scrolls
 a - a scroll of silence
 g - 2 scrolls of vulnerability
 h - 3 scrolls of amnesia
 k - 5 scrolls of teleportation
 n - 2 scrolls of enchant armour
 o - 6 scrolls of revelation
 q - 7 scrolls of blinking
 r - 5 scrolls of enchant weapon
 w - 5 scrolls of fog
 y - a scroll of immolation
 D - 2 scrolls of brand weapon
 J - 6 scrolls of poison
 N - 2 scrolls of fear
Potions
 b - 3 potions of lignification
 d - 3 potions of magic
 e - 13 potions of mutation
 f - 2 potions of berserk rage
 l - 2 potions of enlightenment
 u - 4 potions of ambrosia
 x - 4 potions of haste
 z - 9 potions of curing
 C - 3 potions of invisibility {unknown}
 F - 2 potions of cancellation
 I - 2 potions of resistance {unknown}
 L - 2 potions of attraction {unknown}
 R - 2 potions of heal wounds
 U - 4 potions of brilliance {unknown}
 X - a potion of might {unknown}
Miscellaneous
 Z - a phial of floods


   Skills:
 - Level 10.0(15.0) Fighting
 - Level 1.5(6.5) Dodging
 - Level 11.0(16.0) Unarmed Combat
 - Level 8.0 Invocations
 + Level 19.6 Shapeshifting


You had 15 spell levels left.
You didn't know any spells.
Your spell library contained the following spells:

 Spells                   Type           Power      Damage    Failure   Level
 Apportation              Tloc           0%         N/A       50%         1
 Magic Dart               Conj           0%         1d3       50%         1
 Necrotise                Necr           0%         1d4       50%         1
 Cigotuvi's Dreadful Rot  Necr/Pois/Air  0%         N/A       65%         2
 Searing Ray              Conj           0%         2d4       65%         2
 Sublimation of Blood     Necr           0%         N/A       65%         2
 Wereblood                Tmut           0%         N/A       65%         2
 Dazzling Flash           Conj/Hex       0%         N/A       86%         3
 Ignite Poison            Fire/Tmut/Pois 0%         N/A       86%         3
 Inner Flame              Hex/Fire       0%         N/A       86%         3
 Ozocubu's Armour         Ice            0%         N/A       86%         3
 Portal Projectile        Hex/Tloc       0%         N/A       86%         3
 Vampiric Draining        Necr           0%         2d6       86%         3
 Fulminant Prism          Conj/Hex       0%         3d5       99%         4
 Iskenderun's Mystic Bla  Conj/Tloc      0%         2d3       99%         4
 Petrify                  Tmut/Erth      0%         N/A       99%         4
 Agony                    Necr           0%         N/A       100%        5
 Alistair's Intoxication  Tmut/Pois      0%         N/A       100%        5
 Borgnjor's Vile Clutch   Necr/Erth      0%         N/A       100%        5
 Freezing Cloud           Conj/Ice/Air   0%         6-21      100%        5
 Irradiate                Conj/Tmut      0%         3d11      100%        5
 Metabolic Englaciation   Hex/Ice        0%         N/A       100%        5
 Silence                  Hex/Air        0%         N/A       100%        5
 Yara's Violent Unravell  Hex/Tmut       0%         3d3       100%        5
 Eringya's Noxious Bog    Tmut/Pois      0%         4d6       100%        6
 Enfeeble                 Hex            0%         N/A       100%        7
 Ozocubu's Refrigeration  Ice            0%         4d7       100%        7
 Tukima's Dance           Hex            Unusable   N/A       N/A         3
 Simulacrum               Ice/Necr       Unusable   N/A       N/A         6
 Summon Hydra             Summ           Unusable   N/A       N/A         7

Dungeon Overview and Level Annotations

Branches:
Dungeon (15/15)            Temple (1/1) D:6            Lair (5/5) D:9
  Swamp (0/4) Lair:3       Spider (0/4) Lair:3        Slime (0/5) Lair:4
    Orc (2/2) D:12            Elf (0/3) Orc:2        Vaults (0/5) D:13
  Sewer (visited)         Ossuary (visited)           IceCv (visited)
Volcano (visited)
 Depths: D:15

Altars:
Ashenzari
Cheibriados
Dithmenos
Elyvilon
Fedhas
Gozag
Hepliaklqana
Kikubaaqudgha
Makhleb
Nemelex Xobeh
Okawaru
Qazlal
Ru
Sif Muna
Trog
Uskayaw
Vehumet
Wu Jian
Xom
Yredelemnul
Zin
The Shining One
Jiyva

Shops:
D:3 =   Orc:2 (:!*

Annotations:
D:5 1 runed translucent door, Crazy Yiuf


Innate Abilities, Weirdness & Mutations

You are an enormous anaconda.
You have a powerful constriction melee attack.
Your maximum health is increased.
Your armour is entirely melded.
You are incapable of wielding weapons or throwing items.
You are too large for most types of armour.
((You have claws for hands.))
Your natural rate of healing is unusually fast.
((You are covered in fur. (AC +1)))
((You have tough skin. (AC +1)))


Message History

You constrict the white ugly thing. The white ugly thing kicks you.
The white ugly thing freezes you!!
A glowing orange brain comes into view.
You lash the white ugly thing!
The white ugly thing is almost dead.
You feel yourself speed up.
You constrict the white ugly thing! The white ugly thing kicks you!
The white ugly thing freezes you!!
You feel yourself slow down.
A purple ugly thing comes into view.
You gain the combat prowess of a mighty hero.
You constrict the white ugly thing!!
You kill the white ugly thing!
Okawaru accepts your kill.
The glowing orange brain pulsates.
The glowing orange brain radiates an aura of fear!
You resist with almost no effort.
You can now deal lightning-fast blows.
You feel yourself speed up.
The purple ugly thing gurgles horribly!
The white very ugly thing trunk-slaps you!
The white very ugly thing freezes you!!
A purple ugly thing comes into view.
The white very ugly thing trunk-slaps you!
The white very ugly thing freezes you!!!
* * * LOW HITPOINT WARNING * * *
Okay, then.
Read: 3 scrolls of fear
Press: ? - help, Dir - look around, f - activate Look: a white very ugly thing (chance to affect: 90%)
As you read the scroll of fear, it crumbles to dust.
You assume a fearsome visage.
The purple ugly thing looks frightened!
The glowing orange brain easily resists.
The purple ugly thing looks frightened!
The purple ugly thing gurgles horribly!
The white ugly thing looks frightened!
The white very ugly thing easily resists.
The white very ugly thing trunk-slaps you!
* * * LOW HITPOINT WARNING * * *
The white very ugly thing freezes you!!
You die...

#.......# #............ #..##...#
#..###............ ###....<###
##u##..............
.#....)...#####...##.............
#....).).#...#.....#............<
...^....##...#..G..#.............
...##.)##....##...##.............
..##))..#.....##u##..............
.##.........#..#S##..............
............#....##.......##.....
.............[............#......
..................##.............
.......##..........(.......#.....
......##...#..........#...##.....
.......#...##.........##.........
....##.##...#....#...............
.......###.......#....#....(.....


You could see a white very ugly thing, a purple ugly thing (fleeing) and a
glowing orange brain.

Vanquished Creatures
  A frost giant (IceCv)
  Snorg (D:14)
  A fire dragon (Volcano)
  4 hydras
  A rakshasa (D:14)
  4 vault guards (D:13)
  2 catoblepae (Lair:5)
  2 ogre magi (D:13)
  6 boulder beetles
  3 centaur warriors
  4 two-headed ogres
  6 death yaks (IceCv)
  5 orc high priests (Orc:2)
  Urug (Orc:2)
  Nergalle (D:11)
  2 tengu warriors
  5 sun demons (Volcano)
  A deep elf knight (D:13)
  2 skysharks (Lair:5)
  3 skeletal warriors (D:15)
  A wizard (D:14)
  Pikel (D:4)
  A deep elf archer (D:13)
  2 deep elf pyromancers
  2 ugly things
  3 orc knights
  7 manticores
  An orc sorcerer (Orc:2)
  2 wolf spiders (Lair:3)
  23 elephants
  4 molten gargoyles (D:11)
  7 black mambas
  Maurice (Orc:2)
  4 smoke demons (Volcano)
  An ice statue (IceCv)
  Jeremiah (D:7)
  A kobold demonologist (D:11)
  10 komodo dragons
  23 cane toads
  An efreet (D:13)
  8 rime drakes
  2 gargoyles
  An unseen horror (D:12)
  A freezing wraith (D:9)
  2 tengu conjurers
  6 trolls
  3 meliai (D:14)
  2 hornets (D:9)
  3 tyrant leeches
  A polar bear (shapeshifter) (D:9)
  7 polar bears
  Grinder (D:3)
  12 dream sheep (Lair:5)
  28 blink frogs
  A shadow (D:11)
  3 vampires
  3 culicivoras (Lair:3)
  A spriggan (shapeshifter) (D:15)
  3 wraiths
  A hog (shapeshifter) (D:12)
  3 hogs (D:11)
  61 yaks
  3 wyverns
  A steam dragon (Volcano)
  2 humans
  7 basilisks
  16 vampire mosquitoes
  Menkaure (D:7)
  2 wargs
  2 swamp worms (Lair:3)
  4 hell hounds (Volcano)
  7 acid dragons
  11 water moccasins
  29 orc warriors
  3 black bears
  An ice beast (D:7)
  5 ogres
  2 boggarts (D:14)
  25 wolves
  11 centaurs
  2 phantoms
  5 kobold brigands
  Blork the orc (D:5)
  22 bullfrogs
  3 gnoll sergeants
  2 scorpions
  14 wights
  10 killer bees
  4 electric eels
  15 jellies
  A lava snake (D:11)
  A gnoll bouda (Orc:2)
  28 orc priests
  2 hounds
  Ijyb (D:3)
  2 sleepcaps (D:7)
  2 iguanas
  32 orc wizards
  7 hell rats (Lair:1)
  A mummy (Ossuary)
  Robin (D:2)
  14 gnolls
  4 river rats
  9 adders
  3 shadow imps
  4 white imps
  An ufetubus (D:5)
  3 worms
  4 dart slugs
  81 orcs
  3 spectral bats (Ossuary)
  12 ball pythons
  8 bats
  34 endoplasms
  7 giant cockroaches
  24 goblins
  11 hobgoblins
  6 jackals
  41 kobolds
  3 quokkas (D:1)
  5 bat simulacra (Ossuary)
  3 frilled lizards
  12 gnoll zombies (Ossuary)
  A goblin simulacrum (Ossuary)
  7 goblin zombies
  10 hobgoblin zombies
  3 kobold simulacra (Ossuary)
  2 kobold skeletons (D:7)
  2 kobold zombies
  An orc skeleton (D:7)
  7 orc zombies
  10 rats
  4 rat simulacra (Ossuary)
  2 spectral goblins (Ossuary)
  5 spectral kobolds (Ossuary)
  4 spectral rats (Ossuary)
942 creatures vanquished.

Vanquished Creatures (others)
  A boggart (D:14)
  An orc (D:9)
2 creatures vanquished.

Grand Total: 944 creatures vanquished

Notes
Turn   | Place    | Note
-------+----------+-------------------------------------------
     0 | D:1      | MacCMillion the Troll Shapeshifter began the quest for the
                  | Orb.
     0 | D:1      | Reached XP level 1. HP: 18/18 MP: 0/0
   132 | D:1      | Reached XP level 2. HP: 25/26 MP: 1/1
   574 | D:1      | Reached XP level 3. HP: 32/32 MP: 2/2
   816 | D:2      | Noticed Robin
   969 | D:2      | Killed Robin
   970 | D:2      | Reached XP level 4. HP: 40/40 MP: 3/3
  1094 | D:2      | Reached skill level 5 in Unarmed Combat
  1443 | D:2      | Found a faded altar of an unknown god.
  1769 | D:3      | Noticed Ijyb
  1797 | D:3      | Killed Ijyb
  1798 | D:3      | Reached XP level 5. HP: 30/46 MP: 4/4
  1915 | D:3      | Found a sacrificial altar of Ru.
  1915 | D:3      | Found a bloodstained altar of Trog.
  1951 | D:3      | You fall into a shaft and drop 2 floors!
  1951 | D:5      | Entered Level 5 of the Dungeon
  2124 | D:4      | Found a sand-covered staircase.
  2138 | Ossuary  | Entered an ossuary
  2861 | D:3      | Noticed Grinder
  2865 | D:4      | Reached XP level 6. HP: 50/54 MP: 5/5
  3474 | D:3      | Paralysed by Grinder for 4 turns
  3482 | D:3      | Killed Grinder
  3483 | D:3      | Reached XP level 7. HP: 40/61 MP: 6/6
  3932 | D:3      | Found Nofagu's Jewellery Boutique.
  4241 | D:4      | Found a snail-covered altar of Cheibriados.
  5222 | D:5      | Noticed Blork the orc
  5227 | D:5      | Reached XP level 8. HP: 65/68 MP: 7/7
  5231 | D:5      | Killed Blork the orc
  5232 | D:5      | Reached skill level 10 in Unarmed Combat
  5497 | D:5      | Noticed Pikel
  5528 | D:4      | Killed Pikel
  5801 | D:5      | Found a runed translucent door.
  5802 | D:5      | Noticed Crazy Yiuf
  6038 | D:6      | Reached skill level 4 in Shapeshifting
  6078 | D:6      | Found a shadowy altar of Dithmenos.
  6096 | D:6      | Found a glowing drain.
  6120 | Sewer    | Entered a sewer
  6333 | Sewer    | Reached XP level 9. HP: 80/81 MP: 8/8
  6335 | Sewer    | Found a viscous altar of Jiyva.
  6420 | D:6      | Found a shimmering blue altar of Sif Muna.
  6944 | D:6      | Reached skill level 5 in Shapeshifting
  7133 | D:6      | Found a staircase to the Ecumenical Temple.
  7188 | Temple   | Entered the Ecumenical Temple
  7200 | Temple   | Became a worshipper of Warmaster Okawaru
  7266 | D:7      | Noticed Jeremiah
  7516 | D:7      | Killed Jeremiah
  7868 | D:7      | Found a glowing golden altar of the Shining One.
  7924 | D:7      | Found an ornate altar of the Wu Jian Council.
  7974 | D:7      | Reached * piety under Okawaru
  7988 | D:7      | Reached skill level 5 in Fighting
  7993 | D:7      | Noticed Menkaure
  8000 | D:7      | Reached skill level 6 in Shapeshifting
  8004 | D:7      | Noticed a boulder beetle
  8009 | D:7      | Killed a boulder beetle
  8010 | D:7      | Reached XP level 10. HP: 69/96 MP: 8/11
  8022 | D:7      | Killed Menkaure
  8624 | D:7      | Found a glowing silver altar of Zin.
  8664 | D:7      | Reached ** piety under Okawaru
  8927 | D:8      | Noticed a two-headed ogre
  8930 | D:8      | Killed a two-headed ogre
  8931 | D:8      | Reached skill level 7 in Shapeshifting
  9321 | D:8      | Found a blossoming altar of Fedhas.
  9692 | D:9      | Noticed a deep elf pyromancer
  9692 | D:9      | Noticed a tengu warrior
  9692 | D:9      | Noticed a manticore
  9699 | D:9      | Reached *** piety under Okawaru
  9917 | D:9      | Reached skill level 8 in Shapeshifting
 10096 | D:9      | Found a staircase to the Lair.
 10350 | D:9      | Found a burning altar of Makhleb.
 10396 | D:9      | Reached XP level 11. HP: 108/110 MP: 9/12
 10456 | D:9      | Identified the +2 plate armour "Jeywkovvy" {Dex+4}
 10625 | D:9      | Killed a deep elf pyromancer
 10629 | D:9      | Reached **** piety under Okawaru
 10637 | D:9      | Killed a tengu warrior
 11076 | D:10     | Entered Level 10 of the Dungeon
 11076 | D:10     | Noticed a two-headed ogre
 11310 | D:10     | Reached skill level 9 in Shapeshifting
 11621 | D:10     | Killed a two-headed ogre
 11749 | D:10     | Reached ***** piety under Okawaru
 11945 | D:11     | Reached skill level 5 in Invocations
 12026 | D:11     | Identified the +5 giant spiked club "Taeph" {antimagic,
                  | rF+} (Okawaru gifted it to you on level 11 of the Dungeon)
 12026 | D:11     | Received a gift from Okawaru
 12233 | D:11     | Noticed a deep elf pyromancer
 12238 | D:11     | Killed a deep elf pyromancer
 12248 | D:11     | Reached XP level 12. HP: 123/123 MP: 15/15
 12287 | D:11     | Noticed Nergalle
 12299 | D:11     | Killed Nergalle
 12409 | D:11     | Reached skill level 10 in Shapeshifting
 12573 | D:11     | Received a gift from Okawaru
 12867 | Lair:1   | Entered Level 1 of the Lair of Beasts
 13043 | Lair:1   | Reached skill level 10 in Fighting
 13449 | Lair:1   | Reached ****** piety under Okawaru
 13666 | Lair:1   | Identified the +8 quarterstaff "Katosch" {heavy, Fly}
                  | (Okawaru gifted it to you on level 1 of the Lair of Beasts)
 13666 | Lair:1   | Received a gift from Okawaru
 14134 | Lair:2   | Reached skill level 11 in Shapeshifting
 14317 | Lair:2   | Found a frozen archway.
 14326 | IceCv    | Entered an ice cave
 14545 | IceCv    | Noticed a death yak
 14563 | IceCv    | Noticed a death yak
 14566 | IceCv    | Killed a death yak
 14567 | IceCv    | Reached XP level 13. HP: 133/133 MP: 18/18
 14658 | IceCv    | Noticed a frost giant
 14679 | IceCv    | Killed a frost giant
 14680 | IceCv    | Reached skill level 12 in Shapeshifting
 14869 | IceCv    | Received a gift from Okawaru
 15068 | IceCv    | Reached skill level 13 in Shapeshifting
 16207 | Lair:3   | Found a hole to the Spider Nest.
 16541 | Lair:3   | Found a staircase to the Swamp.
 16595 | Lair:3   | Reached skill level 14 in Shapeshifting
 16855 | Lair:3   | Received a gift from Okawaru
 17379 | Lair:3   | Reached XP level 14. HP: 143/143 MP: 19/19
 17777 | Lair:4   | Identified the +3 executioner's axe "Zuir" {drain, rElec
                  | Will+} (Okawaru gifted it to you on level 4 of the Lair of
                  | Beasts)
 17777 | Lair:4   | Received a gift from Okawaru
 18098 | Lair:4   | Reached skill level 15 in Shapeshifting
 18386 | Lair:4   | Found a viscous altar of Jiyva.
 18386 | Lair:4   | Found a staircase to the Slime Pits.
 18755 | Lair:5   | Entered Level 5 of the Lair of Beasts
 18970 | Lair:5   | Received a gift from Okawaru
 19002 | Lair:5   | Received a gift from Okawaru
 19029 | Lair:5   | Reached skill level 16 in Shapeshifting
 19669 | Lair:5   | Reached skill level 17 in Shapeshifting
 20016 | Lair:5   | Found an ancient bone altar of Kikubaaqudgha.
 20105 | Lair:5   | Received a gift from Okawaru
 20390 | Lair:5   | Identified the +3 spear of Dung {flame, rPois rF- rCorr
                  | Int+7}
 20896 | D:12     | Found a staircase to the Orcish Mines.
 21018 | D:12     | Reached XP level 15. HP: 149/149 MP: 20/20
 21127 | D:12     | Identified the +9 hand axe of Ascent {speed, +Blink Int+3
                  | SInv}
 21998 | Orc:1    | Entered Level 1 of the Orcish Mines
 22310 | Orc:2    | Entered Level 2 of the Orcish Mines
 22332 | Orc:2    | Noticed Urug
 22347 | Orc:2    | Killed Urug
 22512 | Orc:2    | Found a dark tunnel.
 22521 | Volcano  | Entered a volcano
 22836 | Volcano  | Reached skill level 18 in Shapeshifting
 22991 | Orc:2    | Identified the +4 swamp dragon scales "Fuxol" {*Corrode
                  | rPois rC+ rN+} (Okawaru gifted it to you on level 2 of the
                  | Orcish Mines)
 22991 | Orc:2    | Received a gift from Okawaru
 22993 | Orc:2    | Paralysed by an orc sorcerer for 2 turns
 23167 | Orc:2    | Noticed Maurice
 23179 | Orc:2    | Killed Maurice
 23312 | Orc:2    | Found a staircase to the Elven Halls.
 23793 | Orc:2    | Found Gero's Assorted Antiques.
 23793 | Orc:2    | Found Luwkuytza's Book Boutique.
 23794 | Orc:2    | Found Suotolia's Antique Weapon Boutique.
 23798 | Orc:2    | Found Unlojo Omifa's Distillery.
 23802 | Orc:2    | Bought a potion of haste for 150 gold pieces
 25221 | D:13     | Found a gate to the Vaults.
 25400 | D:13     | Reached skill level 19 in Shapeshifting
 26682 | D:14     | Noticed Snorg
 26691 | D:14     | Killed Snorg
 27213 | D:15     | Entered Level 15 of the Dungeon
 27465 | D:15     | Identified the +1 great sword of Dishonesty {elec, Str+3}
                  | (Okawaru gifted it to you on level 15 of the Dungeon)
 27465 | D:15     | Received a gift from Okawaru
 27868 | D:14     | Reached XP level 16. HP: 158/158 MP: 21/21
 27912 | D:15     | Found a radiant altar of Vehumet.
 28206 | D:15     | Slain by a white very ugly thing

Illustrated notes

Levels and vault maps discovered:
D:1:      wander_arrival_chamber, layout_basic, st_stairs_5
D:2:      minmay_chambers_of_ones, layout_basic, basic_ecumenical_altar,
          serial_glass, glass_columns_a, glass_columns_b, glass_columns_c,
          glass_columns_b, glass_columns_c, glass_columns_b, uniq_robin
D:3:      minmay_evil_eye, layout_basic, gammafunk_temple_overflow_elements,
          serial_shops, shop_fountains, hangedman_decor_points, uniq_ijyb,
          uniq_grinder
D:4:      cheibrodos_fertilizer, layout_basic, kennysheep_mini_moat,
          enter_ossuary_4
D:5:      layout_cave_pools, uniq_pikel, uniq_blork_the_orc,
          uniq_crazy_yiuf_cottage
D:6:      layout_cave_pools, grunt_dithmenos_smoke, lemuel_round_altar,
          minmay_temple_entry_nine_rooms, portal_sewer_entry_b,
          minmay_ogre_servants
D:7:      minmay_the_grid_square_5x5_3x3
          [minmay_the_grid_square_5x5_almost_minimal,
          minmay_the_grid_square_5x5_two_walls_a,
          minmay_the_grid_square_5x5_lines, minmay_the_grid_square_5x5_bridge,
          minmay_the_grid_square_5x5_megaprize_crossed,
          minmay_the_grid_square_5x5_gyroscope,
          minmay_the_grid_square_5x5_n_small, minmay_the_grid_square_5x5_z,
          minmay_the_grid_square_5x5_eight_small], layout_loops_ring,
          nicolae_tso_besieged_by_evil, zin_treasury,
          nicolae_wu_jian_wuxing_cycle, nicolae_elevator_lobby_plus,
          uniq_menkaure, uniq_jeremiah
D:8:      layout_rooms, mainiacjoe_overflow_24_doors
D:9:      layout_roguey, bloody_makhleb, lair_entry_dummy, serial_bayou,
          serial_bayou_shore_a, serial_bayou_pond_c, serial_bayou_pond_e,
          serial_bayou_lagoon_b, minmay_radiant
D:10:     layout_roguey, minmay_tree_intersection,
          hangedman_abyss_or_decor_stagger, grunt_ministairs_1,
          dk_rats_in_the_wall
D:11:     layout_rooms, grunt_livestock, minivault_8, uniq_nergalle
D:12:     layout_stronghold, orc_0_dummy
D:13:     layout_basic, grunt_vaults_entry_fortified, grunt_ministairs_12
D:14:     layout_long_grid, minivault_27, dreamdust_wishing_well, uniq_snorg
D:15:     gammafunk_enter_depths_forms, layout_cave_pools,
          nicolae_vehumet_altar_sigil
Temple:   hc_temple_tempest_star
Lair:1:   layout_hall_layers, grunt_megastairs_2, infiniplex_staircase_pool_2
Lair:2:   layout_cave_pods, portal_ice_cave_entry_ice_simulacra,
          lemuel_fruit_fields
Lair:3:   layout_cave_pods, nicolae_swamp_entry_splash_gauntlet,
          spider_nest_entry_funnel_web, st_stairs_11, beast_lair_carwin_8,
          serial_bayou_shore_b
Lair:4:   layout_hall_layers, nicolae_slime_entry_slimehenge
Lair:5:   minmay_lair_end_frog_pond, layout_cave_pods, basic_altar,
          st_stairs_13, cheibrodos_lair_lostbears
Orc:1:    layout_caves
Orc:2:    st_orc_mages, layout_caves, nicolae_volcano_entry_s_turn,
          uniq_maurice, uniq_urug

Skill      XL: |  1  2  3  4  5  6  7  8  9 10 11 12 13 14 15 |
---------------+----------------------------------------------+-----
Unarmed Combat | 4 5 6 8 9 11 | 11.0
Fighting       | 3 5 7 9 10 | 10.0
Shapeshifting  | 4 6 8 9 11 14 17 19 | 19.6
Invocations    | 3 5 8 |  8.0
Dodging        | |  1.5

Action                     |  1- 3 |  4- 6 |  7- 9 | 10-12 | 13-15 | 16-18 || total
---------------------------+-------+-------+-------+-------+-------+-------++-------
  Melee: Unarmed           |    86 |   221 |   320 |   531 |  1207 |    23 ||  2388
         Punch             |       |     6 |    17 |     8 |       |       ||    31
         Constrict         |       |       |       |   115 |   238 |     6 ||   359
  Throw: Dart              |       |       |       |     1 |       |       ||     1
         Large rock        |       |       |       |     1 |       |       ||     1
 Invoke: Heroism           |       |       |     1 |     5 |     9 |     1 ||    16
         Finesse           |       |       |       |       |     3 |     1 ||     4
  Evoke: Wand              |       |       |       |     6 |     2 |       ||     8
    Use: Scroll            |       |     4 |     2 |    14 |     5 |     2 ||    27
         Potion            |       |       |     2 |       |     1 |       ||     3
   Stab: Sleeping          |     1 |       |       |       |       |       ||     1
         Petrified         |       |       |       |       |     7 |       ||     7
 Armour: Animal skin       |    35 |    64 |    57 |    11 |       |       ||   167
         Skin              |       |       |     8 |   125 |   523 |     3 ||   659
  Dodge: Dodged            |    43 |    73 |   131 |   170 |   416 |     6 ||   839
  Block: Other             |       |       |       |   155 |   435 |     9 ||   599
   Form: Anaconda          |       |       |       |     2 |     1 |       ||     3
                           |       |       |       |     1 |       |       ||     1
         Storm             |       |       |       |       |     1 |       ||     1

Table legend: (Time is in decaauts)
 A = Elapsed time spent in this place.
 B = Non-inter-level travel time spent in this place.
 C = Inter-level travel time spent in this place.
 D = Time resting spent in this place.
 E = Time spent auto-exploring this place.
 F = Levels seen in this place.
 G = Mean time per level.
                   A        B        C        D        E       F      G
               +--------+--------+--------+--------+--------+-----+--------+
         Total |  27740 |  26049 |   1691 |   6990 |  13293 |  27 | 1027.4 |
       Dungeon |  16752 |  15468 |   1284 |   4610 |   7826 |  15 | 1116.8 |
        Temple |     24 |      2 |     22 |      0 |      0 |   1 |   24.0 |
          Lair |   7005 |   6804 |    201 |   1422 |   3984 |   5 | 1401.0 |
  Orcish Mines |   1945 |   1762 |    183 |    343 |    906 |   2 |  972.5 |
         Sewer |    268 |    268 |      0 |     19 |     65 |   1 |  268.0 |
       Ossuary |    587 |    587 |      0 |    233 |    170 |   1 |  587.0 |
      Ice Cave |    766 |    766 |      0 |    244 |    287 |   1 |  766.0 |
       Volcano |    390 |    390 |      0 |    116 |     55 |   1 |  390.0 |
               +--------+--------+--------+--------+--------+-----+--------+

Top non-repeatable levels by time:
  Lair:5: 1748 daAuts
    D:13: 1618 daAuts
     D:9: 1508 daAuts
     D:4: 1466 daAuts
    D:14: 1430 daAuts
  Lair:3: 1423 daAuts
     D:7: 1402 daAuts
  Lair:4: 1336 daAuts
  Lair:2: 1280 daAuts
  Lair:1: 1217 daAuts
     D:3: 1181 daAuts
     D:6: 1166 daAuts
    D:12: 1147 daAuts
   Orc:2: 1119 daAuts
    D:11: 1016 daAuts
